 Dungeon Crawl Stone Soup version 0.25.1-2-g60ff931df9 (webtiles) character file.

Game seed: 16873493680031026281

68 protoss039 the Chopper (level 4, -1/40 HPs)
             Began as a Minotaur Berserker on Aug 8, 2020.
             Was a Believer of Trog.
             Slain by a gnoll
             ... wielding a cursed -3 halberd
              (10 damage)
             ... on level 2 of the Dungeon.
             The game lasted 00:02:55 (1367 turns).

protoss039 the Chopper (Minotaur Berserker)         Turns: 1367, Time: 00:02:56

Health: -1/40      AC:  9    Str: 23    XL:     4   Next: 1%
Magic:  3/3        EV:  9    Int:  4    God:    Trog [**....]
Gold:   68         SH:  0    Dex:  9    Spells: 3/3 levels left

rFire    . . .     SeeInvis .   a - +0 hand axe
rCold    . . .     Gourm    .   (no shield)
rNeg     . . .     Faith    .   f - +0 chain mail
rPois    .         Spirit   .   (helmet restricted)
rElec    .         Reflect  .   (no cloak)
rCorr    .         Harm     .   (no gloves)
MR       .....                  (no boots)
Stlth    ..........             (no amulet)
HPRegen  0.13/turn              (no ring)
MPRegen  0.08/turn              (no ring)

@: no status effects
A: retaliatory headbutt, horns 2
a: Berserk, Trog's Hand, Renounce Religion


You were on level 2 of the Dungeon.
You worshipped Trog.
Trog was pleased with you.
You were hungry.

You visited 1 branch of the dungeon, and saw 2 of its levels.

You collected 68 gold pieces.

Inventory:

Hand Weapons
 a - a +0 hand axe (weapon)
Armour
 f - a +0 chain mail (worn)
Scrolls
 b - a scroll of amnesia
 e - a scroll of identify
Comestibles
 c - 2 rations
 h - 2 chunks of flesh


   Skills:
 + Level 4.2 Fighting
 + Level 4.8 Axes
 + Level 2.8 Armour
 - Level 3.0 Dodging


You had 3 spell levels left.
You didn't know any spells.
Your spell library was empty.

Dungeon Overview and Level Annotations

Branches:
Dungeon (2/15)

Altars:

Annotations:
D:2 Robin


Innate Abilities, Weirdness & Mutations

You reflexively headbutt those who attack you in melee.
You have a pair of horns on your head.


Message History

Unknown command.
You hit the gnoll.
The gnoll is lightly wounded.
You barely miss the gnoll. You barely miss Robin.
The gnoll hits you but does no damage. x2; Robin hits you but does no damage.
The gnoll hits you with a +0 spear.
Unknown command.
You hit the gnoll. You headbutt the gnoll!
The gnoll is almost dead.
You hit the gnoll but do no damage. You hit Robin.
The gnoll hits you from afar with a cursed -3 halberd.
* * * LOW HITPOINT WARNING * * *
The gnoll barely misses you. x2; Robin hits you with a +0 spear.
* * * LOW HITPOINT WARNING * * *
The gnoll closely misses you.
You closely miss the gnoll.
The gnoll is almost dead.
You hit Robin. You hit the gnoll.
The gnoll hits you from afar with a cursed -3 halberd!
You die...

###########
##############..........
#...g.g.g)...g..........
#.############.........)
#....gg@..# #.........)
+.....gg..# ###########
#......g..# #.........#
########### #######
.>..... ....## .. +. #.


You could see Robin and 4 gnolls.

Vanquished Creatures
  2 adders (D:2)
  A worm (D:2)
  5 bats
  A giant cockroach (D:2)
  11 goblins
  8 hobgoblins
  2 kobolds (D:1)
  7 frilled lizards (D:1)
  6 rats
43 creatures vanquished.

Notes
Turn   | Place    | Note
-------+----------+-------------------------------------------
     0 | D:1      | protoss039 the Minotaur Berserker began the quest for the
                  | Orb.
     0 | D:1      | Reached XP level 1. HP: 19/19 MP: 0/0
   290 | D:1      | Reached XP level 2. HP: 27/27 MP: 1/1
  1134 | D:2      | Reached ** piety under Trog
  1155 | D:2      | Reached XP level 3. HP: 33/33 MP: 2/2
  1292 | D:2      | Noticed Robin
  1334 | D:2      | HP: 1/33 [adder (3)]
  1345 | D:2      | Reached XP level 4. HP: 16/40 MP: 3/3
  1367 | D:2      | Slain by a gnoll

Illustrated notes

Levels and vault maps discovered:
D:1:      sevenhm_arrival_forest_fort_small_5, layout_basic, minmay_lizard_pond
D:2:      layout_basic, first_ration, uniq_sigmund, uniq_robin

Skill      XL: |  1  2  3 |
---------------+----------+-----
Axes           | 4 |  4.8
Fighting       | 4 |  4.2
Dodging        | 3 |  3.0
Armour         | |  2.8

Action                   |  1- 3 |  4- 6 || total
-------------------------+-------+-------++-------
Melee: Hand axe          |    94 |     3 ||    97
       Headbutt          |     6 |     1 ||     7
  Use: Potion            |     2 |       ||     2
       Scroll            |       |     2 ||     2
  Eat: Chunk             |     1 |       ||     1
Armor: Animal skin       |    10 |       ||    10
       Chain mail        |    43 |     5 ||    48
Dodge: Dodged            |    75 |     8 ||    83
